 Dungeon Crawl Stone Soup version 0.19-a0-475-gfca3800 (webtiles) character file.

303 Leszczynek the Changer (level 6, 0/38 HPs)
             Began as an Octopode Transmuter on June 4, 2016.
             Succumbed to a scorpion's poison
             ... on level 4 of the Dungeon on June 5, 2016.
             The game lasted 00:10:00 (4866 turns).

Leszczynek the Changer (Octopode Transmuter)        Turns: 4866, Time: 00:10:00

Health: 0/38       AC:  1    Str:  9    XL:     6   Next: 38%
Magic:  7/9        EV: 12    Int: 17    God:
Gold:   210        SH:  7    Dex: 13    Spells: 3 memorised, 3 levels left

rFire  . . .     SeeInvis .       - Unarmed
rCold  . . .     Gourm    .     t - +3 warlock's mirror {reflect}
rNeg   . . .     Faith    .     h - +0 hat
rPois  .         Spirit   .     (no amulet)
rElec  .         Dismiss  .     k - ring of sustain attributes
rCorr  .         Reflect  +     (no ring)
SustAt +         Harm     .     (no ring)
MR     .....                    (no ring)
Stlth  +++.......               (no ring)
                                (no ring)
                                (no ring)
                                (no ring)

@: lethally poisoned (0 -> -14), not resistant to hostile enchantments, fairly
stealthy
A: almost no armour, amphibious, 8 rings, constrict 8, camouflage 1, gelatinous
body 1
a: no special abilities


You were on level 4 of the Dungeon.
You were not hungry.

You visited 1 branch of the dungeon, and saw 4 of its levels.

You collected 210 gold pieces.

Inventory:

Missiles
 a - 2 arrows
Armour
 h - a +0 hat (worn)
 t - the +3 warlock's mirror (worn) {reflect}
   (You found it on level 4 of the Dungeon)
Jewellery
 k - a ring of sustain attributes (left tentacle)
Wands
 r - a wand of enslavement (9/24)
Scrolls
 d - a scroll of enchant weapon {unknown}
 e - 9 scrolls of identify {unknown}
 l - a scroll of enchant armour {unknown}
 n - a scroll of amnesia {unknown}
 p - 2 scrolls of fear {unknown}
Potions
 g - a potion of haste {unknown}
 m - 2 potions of ambrosia {unknown}
 o - a potion of agility {unknown}
 q - a potion of brilliance {unknown}
 s - a potion of flight {unknown}
Books
 b - a book of Changes

   Spells                             Type                      Level
   a - Beastly Appendage              Transmutation                1
   b - Sticks to Snakes               Transmutation                2
   c - Spider Form                    Transmutation/Poison         3
   d - Ice Form                       Ice/Transmutation            4
   e - Blade Hands                    Transmutation                5
Comestibles
 c - 3 bread rations
 f - 2 chunks of flesh
 i - 2 beef jerkies
 j - 3 meat rations


   Skills:
 - Level 1.0 Fighting
 + Level 2.2 Dodging
 - Level 2.3 Stealth
 + Level 1.8 Shields
 * Level 4.0 Unarmed Combat
 - Level 2.0 Spellcasting
 - Level 4.2 Transmutations
 - Level 3.1 Poison Magic


You had 3 spell levels left.
You knew the following spells:

 Your Spells              Type           Power        Failure   Level  Hunger
a - Beastly Appendage     Tmut           ###...       6%          1    #......
b - Sticks to Snakes      Tmut           ###.....     10%         2    ###....
c - Spider Form           Tmut/Pois      ##........   17%         3    ###....


Dungeon Overview and Level Annotations

Branches:
Dungeon (4/15)
 Temple: D:4-7

Altars:
Gozag
Pakellas

Shops:
D:4 %

Annotations:
D:3 exclusion: 2 adders, Grinder


Innate Abilities, Weirdness & Mutations

You cannot wear most types of armour.
You are amphibious.
You can wear up to eight rings at the same time.
You can use your tentacles to constrict eight enemies at once.
Your skin changes colour to match your surroundings (Stealth+).
Your rubbery body absorbs attacks. (AC +1)


Message History

Unknown command.
You tentacle-slap the scorpion.
The scorpion is severely wounded.
You feel sick.
Your ball python bites the scorpion but does no damage.
Your ball python constricts the scorpion.
The scorpion stings you!
* * * LOW HITPOINT WARNING * * *
You tentacle-slap the scorpion but do no damage.
The scorpion is almost dead.
* * * LOW HITPOINT WARNING * * *
You feel sick.
Your ball python barely misses the scorpion.
Your ball python constricts the scorpion.
The scorpion stings you!
* * * LOW HITPOINT WARNING * * *
You tentacle-slap the scorpion.
You kill the scorpion!
Your Unarmed Combat skill increases to level 4!
You die...

#..##..###### ###.......
.............# ..........
..............#...........
...............#...........
..##..#######..'...........
#####...##..#........###
........##..##'#####
....................
..###S@##..........
#..##...#..##. #..##...####
#..####.# #... ### #...
#..# ####


You could see a friendly ball python.

Vanquished Creatures
  A scorpion (D:4)
  A hound (D:4)
  Ijyb (D:3)
  Terence (D:3)
  An orc wizard (D:4)
  3 gnolls (D:4)
  3 adders
  An adder skeleton (D:4)
  A worm (D:4)
  2 giant geckos
  8 orcs
  A ball python (D:3)
  5 giant cockroaches
  8 goblins
  9 hobgoblins
  6 jackals
  7 kobolds
  4 bats
  A giant gecko skeleton (D:4)
  4 giant newts
  11 rats
79 creatures vanquished.

Vanquished Creatures (collateral kills)
  An adder (D:3)
  An orc (D:3)
  A jackal (D:3)
3 creatures vanquished.

Grand Total: 82 creatures vanquished

Notes
Turn   | Place    | Note
--------------------------------------------------------------
     0 | D:1      | Leszczynek the Octopode Transmuter began the quest for the Orb.
     0 | D:1      | Reached XP level 1. HP: 13/13 MP: 3/3
   130 | D:1      | Reached skill level 1 in Stealth
   295 | D:1      | Reached XP level 2. HP: 18/18 MP: 5/5
   305 | D:1      | Learned a level 2 spell: Sticks to Snakes
  1325 | D:2      | Reached XP level 3. HP: 23/23 MP: 6/6
  1330 | D:2      | Learned a level 3 spell: Spider Form
  1843 | D:2      | Found an oddly glowing altar of Pakellas.
  2203 | D:3      | Reached skill level 1 in Poison Magic
  2261 | D:3      | Found an opulent altar of Gozag.
  2521 | D:3      | Reached XP level 4. HP: 27/28 MP: 7/7
  2757 | D:3      | Noticed Terence
  2814 | D:3      | Killed Terence
  2946 | D:3      | Noticed Grinder
  3123 | D:3      | Noticed Ijyb
  3132 | D:3      | Killed Ijyb
  3132 | D:3      | Reached XP level 5. HP: 33/33 MP: 0/8
  4093 | D:4      | Found Ymeha's Food Boutique.
  4142 | D:4      | HP: 3/33 [gnoll/stone (4)]
  4552 | D:4      | Reached skill level 1 in Shields
  4552 | D:4      | Reached XP level 6. HP: 25/38 MP: 3/9
  4865 | D:4      | HP: 1/38 [scorpion (7)]
  4866 | D:4      | Succumbed to a scorpion's poison

Vault maps used:
D:1:      erik_arrival_cave_to_civilisation, serial_bayou_lagoon_b
D:2:      first_bread, grunt_pakellas_basics
D:3:      nicolae_gozag_seed_capital, uniq_grinder, uniq_iyjb, uniq_terence
D:4:      serial_shops, shop, okawaru_altar_gauntlet_db, uniq_menkaure,
          uniq_sigmund

Skill      XL: |  1  2  3  4  5  6 |
---------------+-------------------+-----
Stealth        | 2 |  2.3
Transmutations | 3 4 |  4.2
Poison Magic   | 1 2 3 |  3.1
Shields        | 1 |  1.8
Unarmed Combat | 4 |  4.0
Fighting       | |  1.0
Dodging        | |  2.2
Spellcasting   | |  2.0

Action                   |  1- 3 |  4- 6 || total
-------------------------+-------+-------++-------
Melee: Unarmed           |    99 |   124 ||   223
       Constrict         |    26 |    14 ||    40
       Kick              |    10 |     3 ||    13
       Tentacles         |    16 |    10 ||    26
       Punch             |     3 |     1 ||     4
 Cast: Beastly Appendage |     9 |     1 ||    10
       Sticks to Snakes  |     5 |     5 ||    10
       Spider Form       |       |    12 ||    12
 Stab: Sleeping          |    10 |     3 ||    13
       Distracted        |     1 |     2 ||     3
  Eat: Chunk             |     6 |     9 ||    15
Armor: Skin              |    10 |     3 ||    13
Dodge: Dodged            |    35 |    78 ||   113
Block: Buckler           |       |     9 ||     9
       Reflection        |       |     2 ||     2
